 Dungeon Crawl Stone Soup version 0.17.0-15-g6d90897 (webtiles) character file.

10375 dysrexia the Grappler (level 11, -9/107 HPs)
             Began as a Troll Earth Elementalist on Nov 11, 2015.
             Was a High Priest of Okawaru.
             Mangled by a five-headed hydra (16 damage)
             ... on level 1 of the Lair of Beasts.
             The game lasted 00:37:26 (11314 turns).

dysrexia the Grappler (Troll Earth Elementalist)   Turns: 11314, Time: 00:37:26

Health: -9/107     AC:  8    Str: 18    XL:     11   Next: 35%
Magic:  11/11      EV: 22    Int: 11    God:    Okawaru [*****.]
Gold:   601        SH:  0    Dex: 17    Spells: 3 memorised, 6 levels left

rFire  . . .     SeeInvis .     I - +0 giant spiked club
rCold  . . .     Clarity  +     b - +0 robe
rNeg   . . .     SustAt   .     (shield currently unavailable)
rPois  .         Gourm    +     (helmet restricted)
rElec  .         Spirit   .     n - +2 cloak
rCorr  .         Warding  .     (gloves unavailable)
rMut   .         Stasis   .     (boots unavailable)
MR     .....                    F - amulet of clarity
Stlth  +++.......               z - +4 ring of dexterity
                                C - +3 ring of evasion

@: heroism, not resistant to hostile enchantments, fairly stealthy
A: unfitting armour, claws 3, breathe flames 1, fast metabolism 3, gourmand,
regeneration 2, shaggy fur 1, tough skin 2
a: Heroism, Finesse, Renounce Religion, Breathe Fire


You were on level 1 of the Lair of Beasts.
You worshipped Okawaru.
Okawaru was extremely pleased with you.
You were very full.

You visited 3 branches of the dungeon, and saw 11 of its levels.

You collected 601 gold pieces.

Inventory:

Hand Weapons
 I - a +0 giant spiked club (weapon)
 K - a +1 short sword of flaming
Missiles
 a - 348 stones (quivered)
 u - 31 poisoned needles
 L - a throwing net
 N - 5 large rocks
Armour
 b - a +0 robe (worn)
 n - a +2 cloak (worn)
Jewellery
 q - an uncursed ring of see invisible
 w - an uncursed ring of teleportation
 z - a +4 ring of dexterity (right claw)
 C - a +3 ring of evasion (left claw)
 F - an amulet of clarity (around neck)
 H - a cursed amulet of inaccuracy {unknown}
Wands
 i - a wand of magic darts (48)
 O - a wand of polymorph (11)
Scrolls
 e - 8 scrolls of identify
 g - 3 scrolls of fear
 j - 2 scrolls of remove curse
 x - a scroll of enchant armour
 y - a scroll of recharging
 A - 2 scrolls of fog
 M - a scroll of holy word {unknown}
Potions
 l - 7 potions of curing
 o - a potion of magic {unknown}
 p - a potion of agility
 r - a potion of heal wounds
 s - 2 potions of resistance
 B - 2 potions of lignification
 D - a potion of haste {unknown}
 E - a potion of cancellation {unknown}
 G - a potion of might {unknown}
Books
 c - a book of Geomancy

   Spells                             Type                      Level
   a - Sandblast                      Earth                        1
   b - Stoneskin                      Transmutation/Earth          2
   c - Passwall                       Transmutation/Earth          3
   d - Stone Arrow                    Conjuration/Earth            3
   e - Petrify                        Transmutation/Earth          4
   f - Lee's Rapid Deconstruction     Earth                        5
 h - a book of Debilitation

   Spells                             Type                      Level
   a - Corona                         Hexes                        1
   b - Slow                           Hexes                        2
   c - Gell's Gravitas                Hexes/Translocation          3
   d - Inner Flame                    Hexes/Fire                   3
   e - Cause Fear                     Hexes                        4
   f - Leda's Liquefaction            Hexes/Earth                  4
 t - a book of Alchemy

   Spells                             Type                      Level
   a - Sublimation of Blood           Necromancy                   2
   b - Ignite Poison                  Fire/Transmutation/Poison    3
   c - Alistair's Intoxication        Transmutation/Poison         4
   d - Condensation Shield            Ice                          4
   e - Petrify                        Transmutation/Earth          4
   f - Irradiate                      Conjuration/Transmutation    5
 J - a book of Callings

   Spells                             Type                      Level
   a - Summon Small Mammal            Summoning                    1
   b - Call Imp                       Summoning                    2
   c - Call Canine Familiar           Summoning                    3
   d - Summon Guardian Golem          Hexes/Summoning              3
   e - Summon Lightning Spire         Summoning/Air                4
   f - Summon Ice Beast               Ice/Summoning                4
Comestibles
 d - 8 bread rations
 f - a beef jerky
 k - a royal jelly
 m - 4 slices of pizza
 v - 6 meat rations
 P - 8 chunks of flesh


   Skills:
 * Level 6.9(11.9) Fighting
 + Level 8.2(13.2) Dodging
 - Level 1.1(6.1) Stealth
 - Level 10.3(15.3) Unarmed Combat
 - Level 1.2 Spellcasting
 - Level 3.0 Transmutations
 - Level 6.0 Earth Magic
 - Level 2.0 Invocations


You had 6 spell levels left.
You knew the following spells:

 Your Spells              Type           Power        Failure   Level  Hunger
a - Sandblast             Erth           ##....       2%          1    ##.....
b - Stoneskin             Trmt/Erth      ##......     10%         2    ###....
c - Passwall              Trmt/Erth      ##........   17%         3    ####...


Dungeon Overview and Level Annotations

Branches:
Dungeon (9/15)             Temple (1/1) D:5            Lair (1/8) D:9
    Orc (0/4) D:9

Altars:
Ashenzari
Cheibriados
Dithmenos
Fedhas
Kikubaaqudgha
Makhleb
Okawaru
Qazlal
Ru
Trog
Vehumet
Xom
Yredelemnul
The Shining One

Annotations:
D:3 Sigmund
D:8 exclusion: statue


Innate Abilities, Weirdness & Mutations

You are too large for most types of armour.
You have claws for hands.
Your metabolism is lightning-fast.
You like to eat raw meat.
You heal very quickly.
You are covered in fur (AC +1).
You have very tough skin (AC +2).
You can breathe flames.


Message History

Your +1 short sword of flaming stops flaming.
I - a +0 giant spiked club (weapon)
You bludgeon the five-headed hydra!!
The five-headed hydra is moderately wounded.
The five-headed hydra bites you but does no damage.
The five-headed hydra misses you. x2
The five-headed hydra completely misses you.
The five-headed hydra bites you but does no damage.
The five-headed hydra bites you!
* * * LOW HITPOINT WARNING * * *
The five-headed hydra misses you.
The five-headed hydra barely misses you.
The five-headed hydra closely misses you.
The five-headed hydra completely misses you.
You barely miss the five-headed hydra.
The five-headed hydra is moderately wounded.
The five-headed hydra bites you!
* * * LOW HITPOINT WARNING * * *
The five-headed hydra bites you!
You die...

#...........####
.............#
#......##...##
#.....###....###
########.#............#
......................#
###.P#.#.##..........#
## #
##########.........##.#
# ##..D@......# #
#..........### #
##.........#.##
#.##...#...#.#
###..........# #
##.........## #
#..........# ###
#.........## #.######
#....##....#


You could see a five-headed hydra.

Vanquished Creatures
  Pikel (D:8)
  A black mamba (Lair:1)
  Psyche (D:8)
  2 spiny frogs (Lair:1)
  A komodo dragon (Lair:1)
  A two-headed ogre (D:9)
  6 blink frogs (Lair:1)
  16 yaks
  4 basilisks (D:9)
  A hungry ghost (D:8)
  Edmund (D:4)
  A sky beast (D:9)
  Duvessa (D:4)
  3 orc warriors
  3 slaves (D:8)
  A black bear (Lair:1)
  2 phantoms
  3 ogres
  3 porcupines (D:9)
  5 centaurs
  2 crocodiles
  3 big kobolds
  2 giant frogs
  Dowan (D:4)
  2 scorpions
  2 centaur zombies
  5 orc priests
  4 hounds
  3 centaur skeletons
  2 giant frog zombies
  2 quasits (D:7)
  A giant frog skeleton (D:5)
  4 jellies
  13 orc wizards
  6 worker ants
  3 iguanas
  A killer bee zombie (D:6)
  A hound skeleton (D:8)
  A worker ant zombie (D:6)
  4 gnolls (D:2)
  15 adders
  7 river rats (D:9)
  2 shadow imps
  An ooze (D:3)
  3 adder skeletons
  3 worms
  52 orcs
  7 giant cockroaches
  14 goblins
  5 hobgoblins
  17 jackals
  18 kobolds
  5 quokkas
  6 bats
  A giant cockroach zombie (D:5)
  6 giant geckos
  6 giant newts
  A quokka skeleton (D:8)
  12 rats
  A spectral orc (D:5)
301 creatures vanquished.

Vanquished Creatures (others)
  A worker ant (D:8)
  2 bushes (D:9)
  2 fungi (D:9)
  5 plants (D:9)
10 creatures vanquished.

Grand Total: 311 creatures vanquished

Notes
Turn   | Place    | Note
--------------------------------------------------------------
     0 | D:1      | dysrexia the Troll Earth Elementalist began the quest for the Orb.
     0 | D:1      | Reached XP level 1. HP: 16/16 MP: 1/1
    88 | D:1      | Reached skill level 1 in Unarmed Combat
   241 | D:1      | Reached XP level 2. HP: 15/24 MP: 2/2
   629 | D:1      | Reached skill level 3 in Earth Magic
   904 | D:1      | Learned a level 2 spell: Stoneskin
  1104 | D:2      | Reached XP level 3. HP: 18/31 MP: 3/3
  1224 | D:2      | Reached skill level 1 in Transmutations
  1421 | D:2      | Reached XP level 4. HP: 22/39 MP: 4/4
  2280 | D:3      | Reached XP level 5. HP: 33/45 MP: 5/5
  2505 | D:3      | Found a shimmering altar of Xom.
  2748 | D:3      | Noticed Sigmund
  2848 | D:4      | Noticed Duvessa
  2848 | D:4      | Noticed Dowan
  2864 | D:4      | Killed Duvessa
  2864 | D:4      | Reached skill level 4 in Unarmed Combat
  2864 | D:4      | Reached XP level 6. HP: 38/53 MP: 6/6
  2894 | D:4      | Killed Dowan
  3025 | D:4      | Reached skill level 5 in Unarmed Combat
  3266 | D:4      | Found a stormy altar of Qazlal.
  3398 | D:4      | Noticed an ogre
  3399 | D:4      | Noticed a phantom
  3417 | D:4      | Killed an ogre
  3417 | D:4      | Reached XP level 7. HP: 46/59 MP: 7/7
  3473 | D:4      | Killed a phantom
  3485 | D:4      | Noticed Edmund
  3505 | D:4      | Killed Edmund
  3628 | D:4      | Reached skill level 6 in Unarmed Combat
  3672 | D:4      | Found a blossoming altar of Fedhas.
  3673 | D:4      | Found an ancient bone altar of Kikubaaqudgha.
  3964 | D:5      | Entered Level 5 of the Dungeon
  4136 | D:5      | Reached XP level 8. HP: 49/67 MP: 8/8
  4137 | D:5      | Reached skill level 5 in Earth Magic
  4181 | D:5      | Found a basalt altar of Yredelemnul.
  4218 | D:5      | Reached skill level 7 in Unarmed Combat
  4677 | D:5      | Found a staircase to the Ecumenical Temple.
  4683 | Temple   | Entered the Ecumenical Temple
  4697 | Temple   | Became a worshipper of Warmaster Okawaru
  5231 | D:6      | HP: 3/67 [yak (15)]
  5324 | D:6      | Reached * piety under Okawaru
  5324 | D:6      | Reached skill level 8 in Unarmed Combat
  5461 | D:6      | Learned a level 3 spell: Passwall
  5759 | D:7      | Reached XP level 9. HP: 62/74 MP: 9/9
  6774 | D:3      | Found a faded altar to an unknown god.
  7270 | D:6      | Reached skill level 1 in Invocations
  7399 | D:8      | Reached skill level 9 in Unarmed Combat
  7658 | D:8      | Found a sacrificial altar of Ru.
  7811 | D:8      | Noticed Psyche
  7825 | D:8      | Killed Psyche
  7831 | D:8      | Reached ** piety under Okawaru
  8054 | D:8      | Noticed Pikel
  8120 | D:8      | Killed Pikel
  8120 | D:8      | Reached skill level 5 in Dodging
  8120 | D:8      | Reached skill level 10 in Unarmed Combat
  8194 | D:8      | Found a radiant altar of Vehumet.
  8827 | D:9      | Reached skill level 1 in Fighting
  8827 | D:9      | Reached XP level 10. HP: 81/84 MP: 10/10
  8848 | D:9      | Reached *** piety under Okawaru
  8857 | D:9      | Gained mutation: You can breathe flames. [mutagenic meat]
  9175 | D:9      | Reached **** piety under Okawaru
  9310 | D:9      | Found a staircase to the Lair.
  9625 | D:9      | Found a staircase to the Orcish Mines.
  9894 | D:9      | Reached skill level 5 in Fighting
 10512 | Lair:1   | Entered Level 1 of the Lair of Beasts
 10613 | Lair:1   | Received a gift from Okawaru
 10613 | Lair:1   | Reached XP level 11. HP: 96/104 MP: 8/11
 10652 | Lair:1   | Noticed a black mamba
 11184 | Lair:1   | Killed a black mamba
 11184 | Lair:1   | Reached ***** piety under Okawaru
 11275 | Lair:1   | Noticed a five-headed hydra
 11314 | Lair:1   | Mangled by a five-headed hydra

Action                   |  1- 3 |  4- 6 |  7- 9 | 10-12 || total
-------------------------+-------+-------+-------+-------++-------
Melee: Unarmed           |    89 |   214 |   466 |   311 ||  1080
       Short sword       |       |       |       |     7 ||     7
       Giant spiked club |       |       |       |     2 ||     2
Throw: Stone             |       |     5 |     3 |    14 ||    22
 Cast: Stoneskin         |       |     1 |       |     1 ||     2
Invok: Heroism           |       |       |     2 |     7 ||     9
  Use: Scroll            |       |     9 |     5 |       ||    14
       Potion            |       |     1 |     1 |     2 ||     4
 Stab: Sleeping          |     2 |     2 |     2 |       ||     6
       Distracted        |       |       |     2 |     1 ||     3
  Eat: Chunk             |    11 |    26 |    45 |    28 ||   110
